 Dungeon Crawl Stone Soup version 0.30-a0-778-g2ef04afb54 (webtiles) character file.

Game seed: 12905029357237141660

55 IndexError the Vexing (level 3, 0/20 HPs)
             Began as a Deep Elf Hexslinger on Feb 16, 2023.
             Slain by an adder (1 damage)
             ... on level 1 of the Dungeon.
             The game lasted 00:02:47 (1710 turns).

IndexError the Vexing (Deep Elf Hexslinger)         Turns: 1710, Time: 00:02:48

Health: 0/20       AC:  2    Str:  7    XL:     3   Next: 67%
Magic:  7/7        EV: 13    Int: 17    God:
Gold:   115        SH:  0    Dex: 17    Spells: 4/5 levels left

rFire   . . .      SeeInvis .    a - +1 sling
rCold   . . .      Faith    .    (no shield)
rNeg    + . .      Spirit   .    c - +0 robe
rPois   .          Reflect  .    (no helmet)
rElec   .          Harm     .    (no cloak)
rCorr   .          Rampage  .    (no gloves)
Will    .....                    (no boots)
Stlth   ++                       (no amulet)
HPRegen 0.23/turn                i - ring of positive energy {rN+}
MPRegen 0.10/turn                q - ring of flight {+Fly, !d}

@: lethally poisoned (0 -> -1), flying
A: no striking features
a: no special abilities


You were on level 1 of the Dungeon.
You visited 1 branch of the dungeon, and saw 2 of its levels.

You collected 115 gold pieces.

Inventory:

Hand Weapons
 a - a +1 sling (weapon)
 b - a +1 dagger of venom
   (You took it off a kobold on level 1 of the Dungeon)
Armour
 c - a +0 robe (worn)
 j - a +0 chain mail
   (You found it on level 1 of the Dungeon)
 l - a +0 plate armour
   (You found it on level 2 of the Dungeon)
Jewellery
 i - a ring of positive energy (left hand) {rN+}
   (You found it on level 1 of the Dungeon)
 q - a ring of flight (right hand) {+Fly, !d}
   (You took it off a hobgoblin on level 2 of the Dungeon)
Scrolls
 f - 3 scrolls of identify {unknown}
 g - a scroll of enchant weapon {unknown}
 h - 2 scrolls of blinking {unknown}
 k - a scroll of poison {!r}
 m - a scroll of immolation {unknown}
 r - a scroll of summoning {unknown}
Potions
 d - a potion of mutation {unknown}
 e - a potion of brilliance {unknown}
 n - a potion of lignification {unknown}
 o - a potion of flight {unknown}
 p - a potion of degeneration {unknown}


   Skills:
 - Level 0.7 Fighting
 * Level 4.7 Ranged Weapons
 - Level 2.4 Dodging
 - Level 1.5 Spellcasting
 + Level 4.8 Hexes


You had 4 spell levels left.
You knew the following spells:

 Your Spells              Type           Power      Damage    Failure   Level
s - Slow                  Hex            68%        N/A       2%          1

Your spell library contained the following spells:

 Spells                   Type           Power      Damage    Failure   Level
 Inner Flame              Hex/Fire       9%         N/A       22%         3
 Portal Projectile        Hex/Tloc       18%        N/A       22%         3
 Cause Fear               Hex            8%         N/A       28%         4


Dungeon Overview and Level Annotations

Branches:
Dungeon (2/15)

Altars:


Message History

Spoiler Alert: The adder (slow) is fast and can poison!
You shoot a sling bullet. The sling bullet hits the rat.
Spoiler Alert: The adder (slow) is fast and can poison!
The jackal barely misses you.
Spoiler Alert: The adder (slow) is fast and can poison!
The jackal bites you but does no damage.
The jackal closely misses you.
Spoiler Alert: The adder (slow) is fast and can poison!
The jackal bites you but does no damage.
Spoiler Alert: The adder (slow) is fast and can poison!
The jackal bites you but does no damage.
Spoiler Alert: The adder (slow) is fast and can poison!
Spoiler Alert: The adder (slow) is fast and can poison!
Spoiler Alert: The adder (slow) is fast and can poison!
The jackal bites you.
There is a stone staircase leading up here.
Spoiler Alert: The adder (slow) is fast and can poison!
The jackal misses you.
You fly upwards.
There is a stone staircase leading down here.
Spoiler Alert: The adder (slow) is fast and can poison!
The jackal bites you.
Spoiler Alert: The adder (slow) is fast and can poison!
You take 2 damage, and have 15/20 hp.
Spoiler Alert: The adder (slow) is fast and can poison!
The adder is no longer moving slowly.
Spoiler Alert: The adder is fast and can poison!
MP restored: 7
Casting: Slow (safe; 2% risk of failure)
Confirm with . or Enter, or press ? or * to list all spells.
Aiming: Slow (safe; 2% risk of failure)
Press: ? - help, Shift-Dir - straight line, f - adder
Aim: an adder (chance to affect: 59%)
The adder seems to slow down.
The adder bites you.
Spoiler Alert: The adder (slow) is fast and can poison!
You take 4 damage, and have 12/20 hp.
You now have 6/7 mp.
The adder bites you. The jackal bites you.
Spoiler Alert: The adder (slow) is fast and can poison!
You take 2 damage, and have 10/20 hp.
Spoiler Alert: The adder (slow) is fast and can poison!
Spoiler Alert: The adder (slow) is fast and can poison!
Spoiler Alert: The adder (slow) is fast and can poison!
Spoiler Alert: The adder (slow) is fast and can poison!
Spoiler Alert: The adder (slow) is fast and can poison!
Spoiler Alert: The adder (slow) is fast and can poison!
Spoiler Alert: The adder (slow) is fast and can poison!
Spoiler Alert: The adder (slow) is fast and can poison!
Spoiler Alert: The adder (slow) is fast and can poison!
MP restored: 7 Spoiler Alert: The adder (slow) is fast and can poison!
Spoiler Alert: The adder (slow) is fast and can poison!
Fire: a) +1 sling
Press: ? - help, Q - select action Shift-Dir - straight line, f/p - adder
Aim: an adder (slow, 42% to hit)
You shoot a sling bullet.
The sling bullet closely misses the adder.
The jackal closely misses you.
Spoiler Alert: The adder (slow) is fast and can poison!
Fire: a) +1 sling
Press: ? - help, Q - select action Shift-Dir - straight line, f/p - adder
Aim: an adder (slow, 42% to hit)
You shoot a sling bullet.
The sling bullet barely misses the adder.
The jackal bites you. The adder misses you. The jackal barely misses you.
Spoiler Alert: The adder (slow) is fast and can poison!
You take 1 damage, and have 11/20 hp.
Fire: a) +1 sling
Press: ? - help, Q - select action Shift-Dir - straight line, f/p - adder
Aim: an adder (slow, 42% to hit)
You shoot a sling bullet.
The sling bullet completely misses the adder.
The jackal bites you. The adder bites you.
* * * LOW HITPOINT WARNING * * *
You are poisoned.
The adder poisons you!
Fire: a) +1 sling
Press: ? - help, Q - select action Shift-Dir - straight line, f/p - adder
Aim: an adder (slow, 42% to hit)
You shoot a sling bullet.
The sling bullet closely misses the adder.
* * * LOW HITPOINT WARNING * * *
You feel sick.
The adder is no longer moving slowly.
The jackal misses you. The adder completely misses you. The jackal misses you.
Fire: a) +1 sling
Press: ? - help, Q - select action Shift-Dir - straight line, f/p - adder
Aim: an adder (42% to hit)
You shoot a sling bullet.
The sling bullet completely misses the adder.
* * * LOW HITPOINT WARNING * * *
You feel sick. The adder misses you. The jackal barely misses you.
The adder bites you.
* * * LOW HITPOINT WARNING * * *
Fire: a) +1 sling
Press: ? - help, Q - select action Shift-Dir - straight line, f/p - adder
Aim: an adder (42% to hit)
You shoot a sling bullet.
The sling bullet barely misses the adder.
* * * LOW HITPOINT WARNING * * *
You feel sick. The jackal closely misses you. The adder bites you.
You die...

#.##............#.# #....#.#####
##.###############.# #...........
#..†..(............###.##........
##########.......###.............
#.......# #.............
#.......# #.............
#....^..# #.............
#####.....Sh# #.............
#..........@# #........#####
#...........# #........#
#...........# ###'######
#.....(.....# #.# # #...........#
##.########## #...........#
#............ #...........#
#.........### #...........#
#.........# #...........#
#.........#


You could see an adder and a jackal.

Vanquished Creatures
  An adder (D:2)
  4 endoplasms
  A giant cockroach (D:1)
  7 hobgoblins
  3 jackals (D:1)
  A quokka (D:1)
  4 ball pythons
  4 bats
  7 frilled lizards
  3 goblins (D:1)
  5 kobolds
  6 rats
46 creatures vanquished.

Notes
Turn   | Place    | Note
-------+----------+-------------------------------------------
     0 | D:1      | IndexError the Deep Elf Hexslinger began the quest for the
                  | Orb.
     0 | D:1      | Reached XP level 1. HP: 11/11 MP: 5/5
   110 | D:1      | Reached skill level 3 in Ranged Weapons
   162 | D:1      | Reached XP level 2. HP: 14/16 MP: 6/6
   567 | D:1      | Reached skill level 4 in Ranged Weapons
   794 | D:1      | Reached XP level 3. HP: 20/20 MP: 7/7
  1708 | D:1      | HP: 4/20 [poisoned by an adder]
  1710 | D:1      | HP: 1/20 [poisoned by an adder]
  1710 | D:1      | Slain by an adder

Illustrated notes

Levels and vault maps discovered:
D:1:      roderic_octagonal_star, layout_basic
D:2:      layout_basic, grunt_decor_clamped, minmay_tetromino_l2

Skill      XL: |  1  2 |
---------------+-------+-----
Ranged Weapons | 3 4 |  4.7
Fighting       | |  0.7
Dodging        | |  2.4
Spellcasting   | |  1.5
Hexes          | |  4.8

Action                     || total
---------------------------++-------
   Fire: Sling             ||   119
   Cast: Slow              ||     4
 Armour: Robe              ||    16
  Dodge: Dodged            ||    59

Table legend: (Time is in decaauts)
 A = Elapsed time spent in this place.
 B = Non-inter-level travel time spent in this place.
 C = Inter-level travel time spent in this place.
 D = Time resting spent in this place.
 E = Time spent auto-exploring this place.
 F = Levels seen in this place.
 G = Mean time per level.
                   A        B        C        D        E       F      G
               +--------+--------+--------+--------+--------+-----+--------+
         Total |   1734 |   1603 |    131 |      0 |   1357 |   2 |  867.0 |
       Dungeon |   1734 |   1603 |    131 |      0 |   1357 |   2 |  867.0 |
               +--------+--------+--------+--------+--------+-----+--------+

Top non-repeatable levels by time:
     D:1: 1154 daAuts
     D:2: 579 daAuts

Table legend:
 A = Kills in this place as a percentage of kills in entire the game.
 B = Kills by you in this place as a percentage of kills by you in the entire game.
 C = Kills by friends in this place as a percentage of kills by friends in the entire game.
 D = Other kills in this place as a percentage of other kills in the entire game.
 E = Experience gained in this place as a percentage of experience gained in the entire game.
 F = Experience gained in this place divided by the number of levels of this place that you have seen.
                   A       B       C       D       E      F
               +-------+-------+-------+-------+-------+----------------------
         Total | 100.0 | 100.0 |   N/A |   N/A | 100.0 |  39.5
       Dungeon | 100.0 | 100.0 |   N/A |   N/A | 100.0 |  39.5
               +-------+-------+-------+-------+-------+----------------------
